AoeStats
← Dark | NotAdam

Arabian Desert

509716712Analyzed
1v1 RM · 4d ago on Sep 27, 2026· 41m 58s· 2 players
Game mode
Random Map
Map size
Tiny (2 player)
Population
200
Speed
Normal
Resources
Standard
Victory
Conquest
Starting age
Dark Age
Ending age
Imperial Age
RankedLock teamsTeams togetherTeam positionsShared explorationLock speedFull tech treeHidden civsTurbo modeCheats
Victory
Defeat
🇫🇷 Maya · France
1957
+20
🇲🇽 Saxons · Mexico
2055
-20
DOBROONX
0:25 Loom
9:27 Feudal Age
9:56 Double-Bit Axe
14:05 Wheelbarrow
14:10 Horse Collar
14:32 Fletching
15:57 Padded Archer Armor
17:14 Scale Mail Armor
22:29 Castle Age
20:47 Gold Mining
22:43 Crossbowman
23:19 Bodkin Arrow
22:54 Eagle Warrior
25:35 Town Watch
27:22 Stone Mining
27:40 Squires
29:22 Chain Mail Armor
30:02 Heavy Plow
30:39 Bow Saw
34:47 Imperial Age
32:10 Pikeman
33:15 Thumb Ring
34:34 Leather Archer Armor
34:51 Hand Cart
35:46 Ballistics
37:11 Chemistry
38:08 Conscription
38:05 Halberdier
39:50 Crop Rotation
40:28 Elite Eagle Warrior
42:26 Plate Mail Armor
41:57 Bracer
42:35 Holcans
Dark | NotAdam
6:37 Loom
8:37 Feudal Age
9:20 Double-Bit Axe
10:15 Horse Collar
13:10 Fletching
13:44 Padded Archer Armor
21:05 Castle Age
20:12 Gold Mining
21:08 Elite Skirmisher
21:43 Bodkin Arrow
22:27 Leather Archer Armor
23:09 Bow Saw
27:35 Scale Barding Armor
28:07 Wheelbarrow
28:45 Chain Barding Armor
28:36 Bloodlines
34:36 Ballistics
34:58 Husbandry
35:09 Forging
39:02 Imperial Age
37:15 Heavy Plow
39:50 Bracer
40:56 Chemistry
Connection lost

Rejoining the realm…

Still unreachable

The connection could not be restored.

Session expired

The server has moved on; the page needs a fresh start.